General information
- name: BNet
- type: Ladder team game (AT/RT)
- host: Battle.net
- saver: invincible
map: Mur'gulOasis
- players: 8
- length: 34:38
- speed: Fast
- version: 1.28 W3XP
- replay type: Public
» download(189 KB)
Players
team 1 (loser)
SOLOBUSCo (
pink | 30 APM | 621 actions | 20:50)
1 Pandaren Brewmaster
1 Breath of Fire
» actions
| Assign group hotkey | 3 | |
| Basic commands | 26 | |
| Build / train | 44 | |
| ESC pressed | 6 | |
| Enter build submenu | 26 | |
| Enter hero's abilities submenu | 1 | |
| Right click | 186 | |
| Select / deselect | 140 | |
| Select group hotkey | 139 | |
| Use ability | 50 | |
621 total
» units
» buildings
| Moon Well | 3 | |
| Ancient of War | 10 | |
| Hunter's Hall | 1 | |
| Altar of Elders | 2 | |
| Ancient Protector | 6 | |
22 total
» build order
00:20 Moon Well
00:48 Ancient of War
01:09 Moon Well
02:04 Ancient of War
02:12 Ancient of War
02:34 Ancient of War
02:57 Ancient of War
03:21 Ancient of War
03:56 Ancient of War
04:00 Ancient of War
04:39 Moon Well
05:25 Ancient of War
05:42 Ancient of War
06:17 Hunter's Hall
06:23 Altar of Elders
07:22 Ancient Protector
07:25 Ancient Protector
07:27 Ancient Protector
07:31 Ancient Protector
07:34 Ancient Protector
07:38 Ancient Protector
20:32 Altar of Elders
» items
| Potion of Lesser Invulnerability | 1 | |
| Staff of Teleportation | 1 | |
| Boots of Speed | 1 | |
3 total
SHELL.IT.OUT (
red | 51 APM | 1768 actions | 34:35)
6 Blademaster
3 Wind Walk
2 Critical Strike
1 Bladestorm
2 Shadow Hunter
1 Hex
1 Healing Wave
» actions
| Assign group hotkey | 64 | |
| Basic commands | 81 | |
| Build / train | 50 | |
| Enter build submenu | 19 | |
| Enter hero's abilities submenu | 8 | |
| Give item / drop item | 1 | |
| Right click | 626 | |
| Select / deselect | 255 | |
| Select group hotkey | 593 | |
| Use ability | 71 | |
1768 total
» units
» upgrades
| Envenomed Spears | 1 | |
| Reinforced Defenses | 1 | |
| Ranged Weapons | 2 | |
| Armor | 2 | |
6 total
» buildings
| Altar of Storms | 1 | |
| Orc Burrow | 6 | |
| Voodoo Lounge | 1 | |
| Stronghold | 2 | |
| War Mill | 1 | |
| Beastiary | 5 | |
| Great Hall | 2 | |
| Fortress | 2 | |
| Watch Tower | 23 | |
43 total
» build order
00:06 Altar of Storms
00:21 Orc Burrow
00:55 Voodoo Lounge
02:10 Stronghold
02:11 Stronghold
02:34 Orc Burrow
02:34 Orc Burrow
02:35 Orc Burrow
03:09 War Mill
04:33 Beastiary
04:33 Beastiary
06:04 Great Hall
08:27 Fortress
08:27 Fortress
09:57 Great Hall
10:04 Beastiary
11:19 Watch Tower
11:19 Watch Tower
11:20 Watch Tower
11:20 Watch Tower
11:21 Watch Tower
12:27 Orc Burrow
12:27 Orc Burrow
12:59 Watch Tower
13:00 Watch Tower
13:02 Watch Tower
13:04 Watch Tower
13:08 Watch Tower
13:08 Watch Tower
14:16 Beastiary
15:31 Watch Tower
15:31 Watch Tower
16:41 Watch Tower
16:41 Watch Tower
16:41 Watch Tower
16:42 Watch Tower
21:30 Beastiary
25:13 Watch Tower
25:13 Watch Tower
25:13 Watch Tower
25:14 Watch Tower
25:14 Watch Tower
25:26 Watch Tower
» items
| Healing Salve | 1 | |
| Lesser Clarity Potion | 1 | |
| Staff of Teleportation | 1 | |
| Potion of Lesser Invulnerability | 1 | |
4 total

»
thanos87 (
orange | 46 APM | 1113 actions | 24:23)
2 Demon Hunter
1 Evasion
1 Immolation
3 Priestess of the Moon
2 Trueshot Aura
1 Searing Arrows
1 Keeper of the Grove
1 Thorns Aura
» actions
| Basic commands | 50 | |
| Build / train | 62 | |
| Enter build submenu | 17 | |
| Enter hero's abilities submenu | 6 | |
| Right click | 423 | |
| Select / deselect | 512 | |
| Use ability | 43 | |
1113 total
» units
| Wisp | 15 | |
| Archer | 4 | |
| Huntress | 8 | |
| Hippogryph | 5 | |
| Chimaera | 11 | |
43 total
» upgrades
| Strength of the Moon | 1 | |
| Reinforced Hides | 2 | |
| Strength of the Wild | 2 | |
| Corrosive Breath | 1 | |
6 total
» buildings
| Moon Well | 6 | |
| Altar of Elders | 1 | |
| Ancient of War | 1 | |
| Hunter's Hall | 1 | |
| Tree of Ages | 1 | |
| Ancient Protector | 3 | |
| Tree of Eternity | 3 | |
| Ancient of Wind | 3 | |
| Chimaera Roost | 2 | |
21 total
» build order
00:11 Moon Well
00:21 Altar of Elders
00:39 Ancient of War
01:39 Moon Well
02:21 Hunter's Hall
03:09 Moon Well
04:25 Tree of Ages
05:25 Moon Well
06:16 Ancient Protector
06:49 Ancient Protector
07:06 Ancient Protector
08:51 Tree of Eternity
08:52 Tree of Eternity
09:20 Ancient of Wind
10:04 Ancient of Wind
11:30 Chimaera Roost
11:34 Chimaera Roost
14:16 Moon Well
20:38 Ancient of Wind
20:58 Moon Well

»
cmurdaa (
purple | 45 APM | 1463 actions | 32:13)
5 Archmage
3 Summon Water Elemental
1 Blizzard
1 Brilliance Aura
1 Paladin
1 Divine Shield
» actions
| Assign group hotkey | 31 | |
| Basic commands | 5 | |
| Build / train | 72 | |
| Enter build submenu | 35 | |
| Enter hero's abilities submenu | 6 | |
| Remove unit from queue | 4 | |
| Right click | 456 | |
| Select / deselect | 338 | |
| Select group hotkey | 431 | |
| Use ability | 85 | |
1463 total
» units
| Peasant | 6 | |
| Footman | 19 | |
| Rifleman | 12 | |
| Gryphon Rider | 3 | |
40 total
» upgrades
| Defend | 1 | |
| Gunpowder | 1 | |
| Flak Cannons | 1 | |
| Flying Machine Bombs | 1 | |
4 total
» buildings
| Barracks | 2 | |
| Altar of Kings | 1 | |
| Farm | 10 | |
| Blacksmith | 1 | |
| Arcane Vault | 1 | |
| Lumber Mill | 1 | |
| Keep | 1 | |
| Scout Tower | 10 | |
| Guard Tower | 6 | |
| Castle | 1 | |
| Workshop | 1 | |
| Gryphon Aviary | 2 | |
| Cannon Tower | 1 | |
38 total
» build order
00:10 Barracks
00:27 Altar of Kings
00:36 Farm
01:13 Farm
01:56 Farm
02:03 Blacksmith
02:24 Barracks
02:55 Arcane Vault
03:39 Farm
04:00 Farm
04:03 Lumber Mill
04:24 Farm
06:06 Farm
08:35 Keep
09:32 Scout Tower
09:36 Scout Tower
09:38 Scout Tower
09:42 Scout Tower
10:06 Guard Tower
10:07 Guard Tower
10:09 Guard Tower
10:35 Guard Tower
10:37 Scout Tower
10:39 Scout Tower
10:45 Scout Tower
11:02 Scout Tower
12:07 Guard Tower
12:11 Castle
12:39 Farm
15:26 Workshop
17:20 Gryphon Aviary
18:14 Gryphon Aviary
18:47 Farm
20:34 Farm
25:47 Scout Tower
25:49 Scout Tower
26:22 Guard Tower
26:35 Cannon Tower
» items
| Scroll of Regeneration | 3 | |
| Scroll of Town Portal | 2 | |
| Potion of Healing | 2 | |
7 total
team 2 (winner)
WICHITA (
blue | 81 APM | 2408 actions | 29:53)
7 Priestess of the Moon
3 Trueshot Aura
3 Searing Arrows
1 Starfall
2 Keeper of the Grove
1 Entangling Roots
1 Thorns Aura
» actions
| Assign group hotkey | 37 | |
| Basic commands | 9 | |
| Build / train | 72 | |
| Enter build submenu | 17 | |
| Enter hero's abilities submenu | 9 | |
| Remove unit from queue | 3 | |
| Right click | 1295 | |
| Select / deselect | 195 | |
| Select group hotkey | 716 | |
| Use ability | 55 | |
2408 total
» units
| Wisp | 13 | |
| Huntress | 14 | |
| Dryad | 7 | |
| Mountain Giant | 3 | |
37 total
» upgrades
| Strength of the Moon | 1 | |
| Moon Armor | 1 | |
| Abolish Magic | 1 | |
| Hardened Skin | 1 | |
| Strength of the Wild | 2 | |
| Reinforced Hides | 2 | |
| Resistant Skin | 1 | |
9 total
» buildings
| Altar of Elders | 1 | |
| Moon Well | 7 | |
| Hunter's Hall | 1 | |
| Ancient of War | 3 | |
| Tree of Ages | 2 | |
| Ancient of Lore | 3 | |
| Ancient of Wonders | 1 | |
| Tree of Eternity | 2 | |
| Tree of Life | 1 | |
21 total
» build order
00:10 Altar of Elders
00:16 Moon Well
01:23 Hunter's Hall
01:44 Moon Well
02:04 Ancient of War
02:20 Ancient of War
02:35 Moon Well
06:12 Moon Well
08:29 Tree of Ages
08:29 Tree of Ages
08:42 Ancient of War
11:56 Ancient of Lore
11:58 Ancient of Lore
12:57 Ancient of Wonders
15:19 Tree of Eternity
15:19 Tree of Eternity
15:23 Moon Well
16:32 Ancient of Lore
16:43 Moon Well
20:43 Moon Well
24:46 Tree of Life
» items
| Healing Salve | 1 | |
| Scroll of Speed | 1 | |
| Scroll of Town Portal | 1 | |
| Orb of Venom | 1 | |
4 total
invincible (
yellow | 127 APM | 4412 actions | 34:38)
7 Blademaster
3 Wind Walk
3 Critical Strike
1 Bladestorm
6 Shadow Hunter
2 Healing Wave
3 Hex
1 Big Bad Voodoo
» actions
| Assign group hotkey | 137 | |
| Basic commands | 57 | |
| Build / train | 146 | |
| ESC pressed | 3 | |
| Enter build submenu | 36 | |
| Enter hero's abilities submenu | 14 | |
| Give item / drop item | 5 | |
| Remove unit from queue | 1 | |
| Right click | 2026 | |
| Select / deselect | 563 | |
| Select group hotkey | 1233 | |
| Use ability | 191 | |
4412 total
» units
| Peon | 11 | |
| Grunt | 5 | |
| Troll Headhunter/Berserker | 15 | |
| Tauren | 3 | |
| Kodo Beast | 1 | |
| Raider | 4 | |
| Troll Batrider | 5 | |
| Shaman | 3 | |
| Demolisher | 2 | |
| Wind Rider | 4 | |
53 total
» upgrades
| Armor | 3 | |
| Ranged Weapons | 3 | |
| Berserker Strength | 1 | |
| Pillage | 1 | |
| Reinforced Defenses | 1 | |
| Berserker Upgrade | 1 | |
| Shaman Training | 2 | |
| Melee Weapons | 3 | |
| Pulverize | 1 | |
| War Drums Damage Increase | 1 | |
| Ensnare | 1 | |
| Troll Regeneration | 1 | |
| Envenomed Spears | 1 | |
20 total
» buildings
| Orc Burrow | 7 | |
| Altar of Storms | 1 | |
| Barracks | 1 | |
| War Mill | 2 | |
| Watch Tower | 11 | |
| Voodoo Lounge | 1 | |
| Stronghold | 4 | |
| Fortress | 4 | |
| Tauren Totem | 1 | |
| Spirit Lodge | 1 | |
| Beastiary | 2 | |
| Great Hall | 4 | |
39 total
» build order
00:24 Orc Burrow
01:07 Altar of Storms
01:10 Barracks
01:33 Orc Burrow
02:06 War Mill
02:43 Orc Burrow
03:20 Watch Tower
03:43 Watch Tower
03:49 Voodoo Lounge
06:16 Stronghold
06:16 Stronghold
06:16 Stronghold
08:28 Watch Tower
08:33 Watch Tower
08:56 Fortress
08:57 Fortress
08:57 Fortress
10:12 Orc Burrow
12:07 Tauren Totem
12:46 Spirit Lodge
14:29 Beastiary
16:10 Orc Burrow
16:33 Great Hall
19:09 Watch Tower
19:11 Watch Tower
19:12 Watch Tower
21:59 Orc Burrow
22:36 Beastiary
22:41 Orc Burrow
23:50 Great Hall
24:50 Watch Tower
24:51 Watch Tower
24:52 Watch Tower
26:15 Watch Tower
29:08 Great Hall
29:52 War Mill
30:10 Great Hall
» items
| Healing Salve | 5 | |
| Lesser Clarity Potion | 5 | |
| Boots of Speed | 3 | |
| Circlet of Nobility | 2 | |
| Periapt of Vitality | 1 | |
| Potion of Lesser Invulnerability | 1 | |
| Scroll of Town Portal | 2 | |
| Orb of Lightning | 1 | |
20 total
DongKuroos (
teal | 37 APM | 174 actions | 04:40)
1 Goblin Alchemist
1 Chemical Rage
» actions
| Assign group hotkey | 4 | |
| Build / train | 15 | |
| Enter build submenu | 8 | |
| Enter hero's abilities submenu | 1 | |
| Right click | 63 | |
| Select / deselect | 53 | |
| Select group hotkey | 19 | |
| Use ability | 11 | |
174 total
» units
» buildings
| Ziggurat | 3 | |
| Crypt | 1 | |
| Graveyard | 1 | |
| Altar of Darkness | 1 | |
| Tomb of Relics | 1 | |
| Halls of the Dead | 3 | |
| Spirit Tower | 1 | |
11 total
» build order
00:16 Ziggurat
00:25 Crypt
00:57 Ziggurat
01:17 Graveyard
01:22 Altar of Darkness
01:37 Tomb of Relics
02:49 Ziggurat
03:26 Halls of the Dead
03:27 Halls of the Dead
03:27 Halls of the Dead
03:54 Spirit Tower
» items
Dothroki. (
green | 20 APM | 114 actions | 05:46)
» actions
| Basic commands | 3 | |
| Build / train | 3 | |
| Enter build submenu | 6 | |
| Right click | 52 | |
| Select / deselect | 28 | |
| Use ability | 22 | |
114 total
» units
» buildings
| Crypt | 2 | |
| Ziggurat | 2 | |
| Graveyard | 1 | |
| Altar of Darkness | 1 | |
6 total
» build order
00:46 Crypt
00:58 Ziggurat
01:12 Graveyard
01:40 Altar of Darkness
01:45 Ziggurat
01:53 Crypt
Chat log
(00:16 / Allies) Dothroki.: 100g please
(00:37 / Allies) Dothroki.: los anyways
(00:46 / Allies) WICHITA: gave to teal already bud
(00:53 / Allies) WICHITA: we won that game you left by the way
(01:03 / Allies) Dothroki.: sure you did
(01:08 / Allies) WICHITA: check my record
(01:30 / Allies) Dothroki.: i dont give a fuck about u opr your record
(01:38 / Allies) WICHITA: k
(01:48 / Allies) invincible: they rushing
(01:56 / Allies) WICHITA: hes creeping
(02:04 / Allies) invincible: yeah probably cc
(02:24 / Allies) Dothroki.: share
(02:43 / All) Dothroki.: iosaid share
(02:52 / Allies) Dothroki.: fre w in ill unsummon all
(02:52 / Allies) invincible: good team play teal
(02:57 / Allies) invincible: lol
(03:00 / Allies) invincible: crybaby if you do that
(03:03 / Allies) invincible: don't be a little bitch
(03:21 / All) Dothroki.: I AM A BITCH LOL
(03:29 / All) invincible: mass aow lol
(03:34 / Allies) WICHITA: he did this last game
(03:36 / Allies) WICHITA: we still won
(03:40 / Allies) WICHITA: let him go
(03:54 / Allies) WICHITA: literally dont care green
(03:55 / Allies) WICHITA: have fun
(03:56 / Allies) invincible: come
(04:05 / Allies) Dothroki.: yes u do u still herte blue
(04:09 / Allies) invincible: help
(04:10 / Allies) WICHITA: no no
(04:13 / Allies) WICHITA: i dont care about you
(04:20 / Allies) WICHITA: i care about the gam
(04:31 / Allies) Dothroki.: i maded it cvlear same abouit a ll u fucks
(04:45 / Allies) WICHITA: be right there getting tked
(05:18 / Allies) Dothroki.: come on blue stasy u can do this
(05:51 / Allies) invincible: we got this
(08:17 / Allies) invincible: b
(08:41 / Allies) invincible: red is my friend btw
(08:43 / Allies) invincible: he's going to tk
(08:45 / Allies) invincible: just stay alive
(08:47 / Allies) invincible: and hit what we can
(08:50 / Allies) WICHITA: lol k
(11:10 / Allies) WICHITA: can you help?
(11:15 / Allies) invincible: yeah
(12:07 / All) SHELL.IT.OUT: how the fuck is blue already 6
(12:20 / All) invincible: I'm 5
(12:26 / All) invincible: fighting lots of your teams shit
(14:37 / Allies) invincible: friend says oj is going chippo, has one chim and hippos
(14:56 / Allies) WICHITA: alright
(15:04 / Allies) WICHITA: massing dry and mg
(15:14 / Allies) invincible: kk
(15:59 / Allies) WICHITA: fuck me
(16:02 / Allies) invincible: omw
(16:25 / Allies) invincible: I got a couple tauren
(16:29 / Allies) invincible: will rape rifles
(17:16 / All) SHELL.IT.OUT: go away blue
(17:23 / All) invincible: we not hitting you
(17:50 / Allies) invincible: wow that's a lot of towers
(18:02 / Allies) WICHITA: fuck that
(18:54 / Allies) WICHITA: ok guess red is not on our team
(19:04 / Allies) invincible: he should be
(19:09 / Allies) WICHITA: just killed my shit
(19:17 / Allies) WICHITA: and my base now
(19:23 / All) SHELL.IT.OUT: my mistake blue
(19:27 / All) SHELL.IT.OUT: thought u were hitting my expo
(19:37 / All) WICHITA: neg
(19:45 / All) SHELL.IT.OUT: oj is all urs
(19:48 / All) SHELL.IT.OUT: free of charge
(20:46 / All) SHELL.IT.OUT: pink
(21:56 / Allies) WICHITA: to me?
(22:23 / Allies) WICHITA: yup
(22:25 / Allies) WICHITA: im there
(22:26 / Allies) invincible: lot of air
(22:40 / All) SHELL.IT.OUT: go blue
(22:43 / All) SHELL.IT.OUT: i leave u alone
(23:20 / All) invincible: rape
(23:34 / Allies) WICHITA: orange
(23:43 / Allies) invincible: yeh
(23:57 / Allies) WICHITA: i need mine
(24:01 / Allies) invincible: k
(24:25 / All) SHELL.IT.OUT: this team i
(25:03 / Allies) WICHITA: almost have starfall again
(25:07 / Allies) invincible: nice
(25:27 / Allies) WICHITA: dang
(25:34 / Allies) invincible: lol
(25:35 / Allies) invincible: peasants
(27:27 / All) SHELL.IT.OUT: we are even steven now blue
(27:44 / All) WICHITA: idk about even, but sure
(28:06 / All) invincible: +31 bm
(28:07 / All) SHELL.IT.OUT: if u say the witcher 3 is the Greatest rpg of all-time, u may live
(29:19 / All) SHELL.IT.OUT: standoff
(29:21 / All) SHELL.IT.OUT: i think
(29:23 / All) SHELL.IT.OUT: purple vs blue
(29:26 / All) invincible: Blue and purp
(29:37 / All) invincible: if red and I kill all your units and food buildings, as well as our own
(29:42 / All) invincible: and leave no units and no way to kill the other
(29:47 / All) invincible: will you leave your pcs on all night for the win?
(29:57 / All) cmurdaa: you knowit
(29:58 / All) invincible: bad luck for you
(30:00 / All) invincible: Blue left
(30:07 / All) invincible: you gotta lose now, them's the rules
(30:12 / All) SHELL.IT.OUT: sorry purple
(30:15 / All) SHELL.IT.OUT: blue left
(30:19 / All) SHELL.IT.OUT: u can get a tie tho
(30:24 / All) SHELL.IT.OUT: if u leave
(30:32 / All) SHELL.IT.OUT: my team was nice
(30:38 / All) SHELL.IT.OUT: so they dont deserve theloss
(30:43 / All) invincible: they gotta since purp is here
(30:51 / All) SHELL.IT.OUT: yes purple, its like u never played the game
(30:59 / All) SHELL.IT.OUT: 0-0
(31:12 / All) SHELL.IT.OUT: is that fair?
(31:26 / All) invincible: did you have fun purp
(31:27 / All) invincible: I did
(31:44 / All) SHELL.IT.OUT: i dont think he did cuz i purposely laid off ur team
(32:23 / All) SHELL.IT.OUT: u leave k?
(32:26 / All) invincible: why
(32:30 / All) invincible: my team had 1 legit player
(32:32 / All) invincible: yours 3
(32:36 / All) invincible: Your team should lose
(32:56 / All) SHELL.IT.OUT: lets have a bm battle, winner determines who wins
(33:11 / All) SHELL.IT.OUT: middl
(33:11 / All) invincible: I have +21 bm
(33:13 / All) invincible: without kodo
(33:38 / All) invincible: I'm at mid
(34:18 / All) SHELL.IT.OUT: cheater
(34:22 / All) invincible: you brought your sh
(34:24 / All) invincible: so I brought mine
(34:28 / All) SHELL.IT.OUT: who wins
(34:32 / All) invincible: your team lose imo
(34:33 / All) invincible: 3 legit